 Dungeon Crawl Stone Soup version 0.27.1-35-g4d5d836560 (webtiles) character file.

Game seed: 14165689366397023987

2536 Delamore the Cleaver (level 9, -4/68 HPs)
             Began as a Formicid Fighter on Apr 15, 2022.
             Slain by a manticore (7 damage)
             ... on level 8 of the Dungeon.
             The game lasted 00:08:37 (8343 turns).

Delamore the Cleaver (Formicid Fighter)             Turns: 8343, Time: 00:08:38

Health: -4/68      AC: 12    Str: 24    XL:     9   Next: 85%
Magic:  9/9        EV:  9    Int:  8    God:
Gold:   288        SH: 12    Dex: 10    Spells: 8/8 levels left

rFire    + . .     SeeInvis +   l - +0 hand axe
rCold    . . .     Faith    .   c - +1 kite shield
rNeg     . . .     Spirit   .   b - +0 scale mail
rPois    .         Reflect  .   (helmet unavailable)
rElec    .         Harm     .   u - +0 cloak
rCorr    .         Rampage  +   m - +0 pair of gloves
Will     .....                  i - +2 pair of boots {rampage}
Stlth    ..........             (no amulet)
HPRegen  0.21/turn              j - ring of protection from fire
MPRegen  0.11/turn              (no ring)

@: no status effects
A: permanent stasis, dig shafts and tunnels, antennae 3, four strong arms
a: Dig, Shaft Self


You were on level 8 of the Dungeon.
You visited 2 branches of the dungeon, and saw 9 of its levels.

You collected 415 gold pieces.
You spent 127 gold pieces at shops.

Inventory:

Hand Weapons
 a - a +0 war axe
 l - a +0 hand axe (weapon)
 q - a +0 short sword of venom
Missiles
 n - 34 poisoned darts
 y - a curare-tipped dart (quivered)
 z - 6 boomerangs
Armour
 b - a +0 scale mail (worn)
 c - a +1 kite shield (worn)
 i - a +2 pair of boots of rampaging (worn)
 m - a +0 pair of gloves (worn)
 u - a +0 cloak (worn)
Jewellery
 j - a ring of protection from fire (left hand)
 v - an amulet of faith
Wands
 w - a wand of iceblast (1)
Scrolls
 f - a scroll of enchant armour
 g - a scroll of silence
 h - 2 scrolls of amnesia
 o - 2 scrolls of noise
 p - a scroll of holy word
 s - 4 scrolls of identify
 x - a scroll of summoning
Potions
 d - 2 potions of brilliance
 e - a potion of attraction {unknown}
 k - a potion of lignification {unknown}
 r - a potion of curing
 t - 3 potions of degeneration {unknown}


   Skills:
 - Level 5.0 Fighting
 * Level 10.2 Axes
 - Level 3.2 Armour
 - Level 9.0 Shields


You had 8 spell levels left.
You didn't know any spells.
Your spell library contained the following spells:

 Spells                   Type           Power      Damage    Failure   Level
 Stone Arrow              Conj/Erth      0%         3d7       97%         3
 Bolt of Magma            Conj/Fire/Erth 0%         4d4       100%        5
 Manifold Assault         Tloc           0%         N/A       100%        5
 Summon Forest            Summ/Tloc      0%         N/A       100%        5
 Summon Mana Viper        Hex/Summ       0%         N/A       100%        5
 Shadow Creatures         Summ           N/A        N/A       100%        6
 Storm Form               Tmut/Air       0%         N/A       100%        7
 Shatter                  Erth           0%         3d5*      100%        9
 Blink                    Tloc           Unusable   N/A       N/A         2

Dungeon Overview and Level Annotations

Branches:
Dungeon (8/15)             Temple (1/1) D:7
   Lair: D:8-11

Altars:
Cheibriados
Dithmenos
Elyvilon
Hepliaklqana
Kikubaaqudgha
Makhleb
Nemelex Xobeh
Okawaru
Qazlal
Ru
Uskayaw
Vehumet
Wu Jian
Xom
Zin
The Shining One

Shops:
D:2 [

Annotations:
D:3 3 runed translucent doors, Flure's ghost, novice HuNe
D:5 2 transporters, Banquo's ghost, amateur FoFi


Innate Abilities, Weirdness & Mutations

You cannot be hasted, slowed, berserked, paralysed or teleported.
You can dig through walls and to a lower floor.
You have a pair of large antennae on your head. (SInv)
Your four strong arms can wield two-handed weapons with a shield.


Message History

The barbs in your skin will harm you if you move.
Continue? [Y]es or [N]o only, please.
The barbs in your skin will harm you if you move.
Continue?
Okay, then.
Throw: dart (curare)
Press: ? - help, Q - select action, (/) - cycle Shift-Dir - straight line, f - manticore
Aim: a manticore (69% to hit)
Okay, then.
Aiming: Iceblast
Press: ? - help, Shift-Dir - straight line, f - manticore
Aim: a manticore The mass of ice explodes!
The iceblast engulfs the manticore!
The manticore is moderately wounded.
You hear a shout!
Aiming: Iceblast
Press: ? - help, Shift-Dir - straight line, f/p - manticore
Aim: a manticore (moderately wounded)
The mass of ice explodes!
The iceblast engulfs the manticore!
The manticore is heavily wounded.
You hear an angry hiss.
You hear a shout!
You slash the manticore!
The manticore is heavily wounded.
The manticore bites you! The manticore claws you. The manticore claws you!
You hit the manticore but do no damage.
The manticore is heavily wounded.
The manticore bites you. The manticore claws you.
* * * LOW HITPOINT WARNING * * *
You block the manticore's attack.
You feel better. The manticore barely misses you.
The manticore claws you but does no damage.
The manticore claws you.
You hit the manticore.
The manticore is severely wounded.
You carefully extract the barbed spikes from your body.
The manticore bites you!
* * * LOW HITPOINT WARNING * * *
The manticore claws you.
* * * LOW HITPOINT WARNING * * *
The manticore claws you!
You die...

....... ...##..
.......#........
.................
................# #
...............## #
................. ##.##
.......H...$..... ###...
.......@......... ....##
................. .#....
...........#.... #....
.^.#.......#....( .....
#.................... .....
#.................... ...##
##........##.......... .#.##
#.....##...##..##....# .....
.....#...####.#.....#.......


You could see a manticore.

Vanquished Creatures
  Grinder (D:3)
  Sigmund (D:3)
  A wraith (D:7)
  2 steam dragons (D:4)
  A black bear (D:6)
  An ice beast (D:7)
  3 ogres
  3 centaurs
  A phantom (D:7)
  A kobold brigand (D:8)
  A scorpion (D:5)
  3 wights (D:7)
  2 hounds
  A centaur zombie (D:7)
  Crazy Yiuf (D:5)
  5 bullfrog skeletons
  5 orc priests
  A jelly (D:7)
  2 centaur skeletons (D:7)
  An iguana (D:6)
  3 orc wizards
  A killer bee zombie (D:6)
  A hound zombie (D:5)
  A howler monkey zombie (D:5)
  3 adders
  2 ufetubi
  A worm (D:2)
  3 dart slugs
  24 orcs
  6 ball pythons
  6 endoplasms
  5 giant cockroaches
  3 goblins
  3 hobgoblins
  9 jackals
  2 quokkas
  6 bats
  3 frilled lizards
  8 kobolds
  7 rats
134 creatures vanquished.

Vanquished Creatures (others)
  An orc wizard (D:6)
1 creature vanquished.

Grand Total: 135 creatures vanquished

Notes
Turn   | Place    | Note
-------+----------+-------------------------------------------
     0 | D:1      | Delamore the Formicid Fighter began the quest for the Orb.
     0 | D:1      | Reached XP level 1. HP: 18/18 MP: 1/1
    46 | D:1      | Found a faded altar of an unknown god.
   159 | D:1      | Reached XP level 2. HP: 20/24 MP: 2/2
  1011 | D:2      | Reached XP level 3. HP: 16/29 MP: 3/3
  1319 | D:2      | Reached skill level 3 in Axes
  1462 | D:2      | Found Eciwn's Antique Armour Emporium.
  1522 | D:2      | Reached XP level 4. HP: 37/37 MP: 4/4
  1975 | D:2      | Bought a pair of runed boots for 127 gold pieces
  2058 | D:3      | Found a runed translucent gate.
  2058 | D:3      | Found a runed translucent gate.
  2058 | D:3      | Found a runed translucent gate.
  2062 | D:3      | Noticed Flure's ghost (novice HuNe)
  2148 | D:3      | Noticed Sigmund
  2218 | D:3      | Noticed Grinder
  2269 | D:3      | Killed Grinder
  2270 | D:3      | Reached skill level 4 in Axes
  2270 | D:3      | Reached skill level 5 in Shields
  2270 | D:3      | Reached XP level 5. HP: 26/43 MP: 5/5
  2270 | D:3      | Reached XP level 6. HP: 30/49 MP: 6/6
  2617 | D:4      | Noticed a steam dragon
  2640 | D:4      | Killed a steam dragon
  2641 | D:4      | Reached skill level 5 in Axes
  2641 | D:4      | Reached XP level 7. HP: 34/55 MP: 7/7
  2806 | D:4      | Reached skill level 5 in Fighting
  2901 | D:4      | Found a burning altar of Makhleb.
  2948 | D:4      | Found an iron altar of Okawaru.
  3184 | D:3      | Killed Sigmund
  3185 | D:3      | Reached skill level 6 in Axes
  3474 | D:4      | Noticed a steam dragon
  3496 | D:4      | Killed a steam dragon
  3497 | D:4      | Reached XP level 8. HP: 36/62 MP: 8/8
  3921 | D:5      | Entered Level 5 of the Dungeon
  4077 | D:5      | Found a runed translucent door.
  4078 | D:5      | Noticed Crazy Yiuf
  4208 | D:5      | Found an ancient bone altar of Kikubaaqudgha.
  4278 | D:5      | Reached skill level 7 in Axes
  4505 | D:5      | Found a transporter.
  4505 | D:5      | Noticed Banquo's ghost (amateur FoFi)
  4510 | D:5      | Found a transporter.
  4617 | D:5      | Found a radiant altar of Vehumet.
  4833 | D:5      | Killed Crazy Yiuf
  5045 | D:6      | Reached skill level 8 in Axes
  5067 | D:6      | Reached XP level 9. HP: 21/68 MP: 9/9
  5547 | D:6      | Found a glowing silver altar of Zin.
  6057 | D:7      | Reached skill level 9 in Axes
  6751 | D:7      | Found a shadowy altar of Dithmenos.
  6921 | D:8      | Found a snail-covered altar of Cheibriados.
  7355 | D:7      | Reached skill level 10 in Axes
  7459 | D:7      | Found a staircase to the Ecumenical Temple.
  7532 | Temple   | Entered the Ecumenical Temple
  8335 | D:8      | Noticed a manticore
  8343 | D:8      | HP: 3/68 [manticore (6)]
  8343 | D:8      | Slain by a manticore

Illustrated notes

Levels and vault maps discovered:
D:1:      wander_arrival_peaceful_grave, layout_loops_corners,
          dreamdust_ecumenical_altar_statues, minmay_misc_feat_hallway
D:2:      layout_basic, serial_shops, nicolae_shop_statue_plus,
          hangedman_decor_push, minmay_3d_cube
D:3:      layout_rooms, ebering_ghost_rock_garden, uniq_sigmund, uniq_grinder
D:4:      layout_rooms, mainiacjoe_overflow_catch_the_wave, grunt_ministairs_2,
          kennysheep_generic_room_3
D:5:      layout_gridville, mainiacjoe_overflow_tiny_flanked,
          mainiacjoe_overflow_cross_hatched, gammafunk_ghost_mausoleum,
          kennysheep_generic_room_4, uniq_crazy_yiuf_cottage
D:6:      layout_loops_ring, zin_academy
D:7:      layout_loops_ring, marbit_many_paths, temple_doors_ab,
          chequers_serial_rivers_large_b
D:8:      layout_cave_pools, nicolae_overflow_crystal_walls,
          kennysheep_slug_shrine, bloody_trog, cheibrodos_ashenzari_chains
Temple:   compressed_dpeg_triangle_lava_temple

Skill      XL: |  1  2  3  4  5  6  7  8  9 |
---------------+----------------------------+-----
Shields        | 4 5 6 7 9 |  9.0
Axes           | 3 4 5 6 8 10 | 10.2
Fighting       | 4 5 |  5.0
Armour         | |  3.2

Action                   |  1- 3 |  4- 6 |  7- 9 || total
-------------------------+-------+-------+-------++-------
Melee: War axe           |    91 |    45 |       ||   136
       Hand axe          |       |    59 |   316 ||   375
       Short sword       |       |       |   191 ||   191
Throw: Dart              |       |       |     8 ||     8
 Abil: Dig               |       |     3 |       ||     3
Evoke: Wand              |       |       |     2 ||     2
  Use: Potion            |       |     4 |     4 ||     8
       Scroll            |       |     1 |     7 ||     8
Armor: Scale mail        |    44 |    49 |   168 ||   261
Dodge: Dodged            |    30 |    40 |   130 ||   200
Block: Kite shield       |    54 |    80 |   323 ||   457
